 Dungeon Crawl Stone Soup version 0.29-a0-620-g13ace881f2 (webtiles) character file.

Game seed: 15663365648027045881

243 happo123 the Ruffian (level 5, -6/49 HPs)
             Began as a Troll Transmuter on June 18, 2022.
             Splashed by a jelly's acid (9 damage)
             ... on level 3 of the Dungeon.
             The game lasted 00:06:55 (2052 turns).

happo123 the Ruffian (Troll Transmuter)             Turns: 2052, Time: 00:06:55

Health: -6/49      AC: -19   Str: 18    XL:     5   Next: 82%
Magic:  5/6        EV: 10    Int: 11    God:
Gold:   113        SH:  0    Dex: 10    Spells: 4/7 levels left

rFire   . . .      SeeInvis .     - Unarmed
rCold   . . .      Faith    .   (no shield)
rNeg    . . .      Spirit   .   a - +0 robe
rPois   .          Reflect  .   (helmet currently unavailable)
rElec   .          Harm     .   k - +0 cloak
rCorr   .          Rampage  .   (gloves unavailable)
Will    .....                   (boots unavailable)
Stlth   +.........              (no amulet)
HPRegen 0.96/turn               (no ring)
MPRegen 0.10/turn               (no ring)

@: appendages (expiring), corroded
A: horns 2, talons 2, large, unfitting armour, claws 3, regeneration 1, shaggy
fur 1, tough skin 1
a: End Transformation


You were on level 3 of the Dungeon.
You had temporarily grown beastly horns and talons.
You visited 1 branch of the dungeon, and saw 3 of its levels.

You collected 113 gold pieces.

Inventory:

Armour
 a - a +0 robe (worn)
 k - a +0 cloak (worn)
Magical Staves
 g - a staff of fire
Scrolls
 d - 4 scrolls of identify {unknown}
 f - a scroll of teleportation {unknown}
 l - a scroll of fear {unknown}
 o - a scroll of fog {unknown}
Potions
 b - 2 potions of lignification
 c - 2 potions of heal wounds {unknown}
 e - a potion of brilliance {unknown}
 h - a potion of flight {unknown}
 i - 2 potions of haste {unknown}
 j - a potion of invisibility {unknown}
 m - 5 potions of curing {unknown}
 n - a potion of magic {unknown}


   Skills:
 + Level 1.6 Fighting
 + Level 2.2 Dodging
 * Level 4.1 Unarmed Combat
 + Level 1.8 Spellcasting
 * Level 2.6 Transmutations
 + Level 1.2 Ice Magic


You had 4 spell levels left.
You knew the following spells:

 Your Spells              Type           Power      Damage    Failure   Level
a - Beastly Appendage     Tmut           12%        N/A       11%         1
b - Wereblood             Tmut           6%         N/A       16%         2

Your spell library contained the following spells:

 Spells                   Type           Power      Damage    Failure   Level
 Passwall                 Tmut/Erth      2%         N/A       26%         2
 Ensorcelled Hibernation  Hex/Ice        4%         N/A       34%         2
 Spider Form              Tmut/Pois      3%         N/A       45%         3
 Swiftness                Air            0%         N/A       65%         3
 Ice Form                 Ice/Tmut       5%         N/A       80%         4


Dungeon Overview and Level Annotations

Branches:
Dungeon (3/15)

Altars:

Annotations:
D:3 3 runed translucent doors, bchevrier's ghost, amateur GnWr; kyalle's ghost, amateur MiFi; superpeng's ghost, amateur MiFi


Innate Abilities, Weirdness & Mutations

You have temporarily grown beastly horns and talons.
You are too large for most types of armour.
You have claws for hands.
Your natural rate of healing is unusually fast.
You are covered in fur. (AC +1)
You have tough skin. (AC +1)


Message History

Kyalle's ghost turns its malevolent gaze towards you.
There is a stone staircase leading up here.
A jelly comes into view.
The jelly quivers.
Casting: Beastly Appendage (safe; 11% risk of failure)
Press: ? - help, Q - select action, (/) - cycle Dir - look around, f - activate You grow a pair of large bovine horns.
Your feet morph into talons.
You scratch the jelly. The acid corrodes you!
Your claws burn!
The jelly is lightly wounded.
The jelly hits you. The acid corrodes you!
You are splashed with acid!
You scratch the jelly. The acid corrodes you!
Your claws burn!
You headbutt the jelly.
The jelly is heavily wounded.
The jelly hits you.
You are splashed with acid!
You barely miss the jelly.
You headbutt the jelly, but do no damage.
The jelly is heavily wounded.
You scratch the jelly but do no damage. The acid corrodes you!
Your claws burn!
You claw the jelly, but do no damage.
The jelly is heavily wounded.
Your transformation is almost over.
The jelly barely misses you.
You scratch the jelly.
Your claws burn!
You claw the jelly, but do no damage. You headbutt the jelly.
The jelly is almost dead.
The jelly hits you. The acid corrodes you!
You are splashed with acid!
* * * LOW HITPOINT WARNING * * *
You scratch the jelly but do no damage.
Your claws burn!
* * * LOW HITPOINT WARNING * * *
You claw the jelly, but do no damage.
The jelly is almost dead.
The jelly barely misses you.
You scratch the jelly but do no damage.
Your claws burn!
* * * LOW HITPOINT WARNING * * *
You claw the jelly, but do no damage.
The jelly is almost dead.
The jelly hits you.
* * * LOW HITPOINT WARNING * * *
The acid corrodes you!
You are splashed with acid!
You die...

#># #.# #.# #.#
#.###.### #.......#
####....## ##.......# #
## #........# ###
#.♣⌠♣#### #.J......#
..# 8....#..#
#@##...##### ###
.....#..# #.##....†..#
..W.W+..####.########.#
# ...WW+...)<..# #.# #
....W+....#### #.# #
.....#..#.# #.# #
8....#..#.# #.# #
#[♣⌠♣####.# #.#
########## #.# #.#


You could see a jelly.

Vanquished Creatures
  A jelly (D:3)
  A hound (D:3)
  2 orc wizards (D:3)
  A gnoll (D:1)
  5 adders (D:3)
  A worm (D:2)
  2 orcs (D:3)
  6 ball pythons
  9 endoplasms
  A giant cockroach (D:2)
  7 goblins
  7 hobgoblins
  14 kobolds
  3 quokkas
  8 bats
  2 frilled lizards (D:1)
  4 rats
74 creatures vanquished.

Vanquished Creatures (others)
  2 fungi (D:3)
  7 toadstools (D:3)
9 creatures vanquished.

Grand Total: 83 creatures vanquished

Notes
Turn   | Place    | Note
-------+----------+-------------------------------------------
     0 | D:1      | happo123 the Troll Transmuter began the quest for the Orb.
     0 | D:1      | Reached XP level 1. HP: 18/18 MP: 1/1
    82 | D:1      | Reached XP level 2. HP: 26/26 MP: 2/2
    90 | D:1      | Found a faded altar of an unknown god.
   248 | D:1      | Reached skill level 1 in Fighting
   602 | D:1      | Reached XP level 3. HP: 33/33 MP: 4/4
   605 | D:1      | Learned a level 2 spell: Wereblood
  1469 | D:3      | Found a runed translucent gate.
  1469 | D:3      | Found a runed translucent gate.
  1469 | D:3      | Found a runed translucent gate.
  1475 | D:3      | Noticed bchevrier's ghost (amateur GnWr)
  1475 | D:3      | Noticed kyalle's ghost (amateur MiFi)
  1475 | D:3      | Noticed superpeng's ghost (amateur MiFi)
  1487 | D:3      | Reached XP level 4. HP: 41/41 MP: 5/5
  1718 | D:3      | Reached skill level 1 in Ice Magic
  1796 | D:3      | Reached XP level 5. HP: 48/48 MP: 4/6
  1834 | D:3      | Reached skill level 4 in Unarmed Combat
  2052 | D:3      | Splashed by a jelly's acid

Illustrated notes

Levels and vault maps discovered:
D:1:      lightli_iron_boxes, layout_basic,
          dreamdust_ecumenical_altar_sealed_demon
D:2:      layout_rooms, amcnicky_mini_rare_corridor_liquid
D:3:      cheibrodos_fertilizer, layout_loops_ring, gammafunk_ghost_cemetery

Skill      XL: |  1  2  3  4  5 |
---------------+----------------+-----
Fighting       | 1 |  1.6
Transmutations | 2 |  2.6
Dodging        | 2 |  2.2
Ice Magic      | 1 |  1.2
Unarmed Combat | 4 |  4.1
Spellcasting   | |  1.8

Action                   |  1- 3 |  4- 6 || total
-------------------------+-------+-------++-------
Melee: Unarmed           |    95 |    88 ||   183
       Kick              |     5 |    12 ||    17
       Punch             |     2 |       ||     2
       Headbutt          |       |    10 ||    10
 Cast: Beastly Appendage |     3 |     6 ||     9
       Wereblood         |     1 |     2 ||     3
Armor: Robe              |    40 |    35 ||    75
Dodge: Dodged            |    58 |    34 ||    92

Table legend: (Time is in decaauts)
 A = Elapsed time spent in this place.
 B = Non-inter-level travel time spent in this place.
 C = Inter-level travel time spent in this place.
 D = Time resting spent in this place.
 E = Time spent auto-exploring this place.
 F = Levels seen in this place.
 G = Mean time per level.
                   A        B        C        D        E       F      G
               +--------+--------+--------+--------+--------+-----+--------+
         Total |   2040 |   1855 |    185 |      0 |   1357 |   3 |  680.0 |
       Dungeon |   2040 |   1855 |    185 |      0 |   1357 |   3 |  680.0 |
               +--------+--------+--------+--------+--------+-----+--------+

Top non-repeatable levels by time:
     D:1: 1025 daAuts
     D:3: 576 daAuts
     D:2: 438 daAuts
